 Dungeon Crawl Stone Soup version 0.29-a0-222-g5b244fca1f (webtiles) character file.

Game seed: 16252110559676474994

3663 testman the Fighter (level 9, -2/79 HPs)
             Began as a Demonspawn Cinder Acolyte on Feb 26, 2022.
             Was a Priest of Ignis.
             Slain by Grum
             ... wielding a +0 spear
              (9 damage)
             ... on level 8 of the Dungeon on Feb 28, 2022.
             The game lasted 00:50:25 (10752 turns).

testman the Fighter (Demonspawn Cinder Acolyte)    Turns: 10752, Time: 00:50:26

Health: -2/79      AC:  9    Str: 23    XL:     9   Next: 89%
Magic:  2/18       EV: 10    Int: 24    God:    Ignis [***...]
Gold:   435        SH:  4    Dex:  8    Spells: 18/20 levels left

rFire   + . .      SeeInvis .   r - +1 dagger (vamp)
rCold   + . .      Faith    .   b - +0 buckler
rNeg    . . .      Spirit   .   A - +0 acid dragon scales
rPois   .          Reflect  .   (helmet restricted)
rElec   .          Harm     .   g - +2 cloak
rCorr   +          Rampage  .   (no gloves)
Will    .....                   (no boots)
Stlth   +.........              (no amulet)
HPRegen 0.23/turn               C - +6 ring of strength
MPRegen 0.16/turn               E - ring of protection from cold

@: no status effects
A: horns 1, demonic guardian 1, powered by death 1, big brain 3
a: Renounce Religion, Fiery Armour, Foxfire Swarm, Rising Flame


You were on level 8 of the Dungeon.
You worshipped Ignis.
Ignis was most pleased with you.
You visited 1 branch of the dungeon, and saw 8 of its levels.

You collected 435 gold pieces.

Inventory:

Hand Weapons
 i - a +0 hunting sling of flaming
 r - a +1 vampiric dagger (weapon)
Missiles
 c - 2 boomerangs of dispersal
 d - 86 stones
 f - 5 boomerangs
 o - 6 atropa-tipped darts
 z - a throwing net
 I - 6 poisoned darts
Armour
 b - a +0 buckler (worn)
 g - a +2 cloak (worn)
 A - +0 acid dragon scales (worn)
Jewellery
 C - a +6 ring of strength (left hand)
 E - a ring of protection from cold (right hand)
Wands
 j - a wand of paralysis (4)
 q - a wand of iceblast (10)
Scrolls
 e - a scroll of brand weapon
 h - 3 scrolls of teleportation
 l - a scroll of amnesia {unknown}
 n - a scroll of enchant armour {unknown}
 t - 2 scrolls of blinking
 w - a scroll of vulnerability {unknown}
 B - a scroll of noise {unknown}
 G - a scroll of acquirement {unknown}
Potions
 p - 2 potions of brilliance
 s - a potion of heal wounds
 u - a potion of berserk rage
 v - 2 potions of magic
 x - 3 potions of mutation
 D - a potion of flight {unknown}
 F - a potion of might {unknown}
 H - a potion of curing


   Skills:
 + Level 10.6 Fighting
 + Level 5.5 Short Blades
 - Level 4.0 Shields
 + Level 6.4 Spellcasting
 - Level 3.0 Fire Magic


You had 18 spell levels left.
You knew the following spells:

 Your Spells              Type           Power      Damage    Failure   Level
a - Scorch                Fire           44%        2d7       2%          2

Your spell library contained the following spells:

 Spells                   Type           Power      Damage    Failure   Level


Dungeon Overview and Level Annotations

Branches:
Dungeon (8/15)             Temple (0/1) D:6
   Lair: D:8-11

Altars:
Dithmenos
Elyvilon
Gozag
Hepliaklqana
Kikubaaqudgha
Ru

Annotations:
D:8 Grum


Innate Abilities, Weirdness & Mutations

You have a pair of small horns on your head.
A weak demonic guardian rushes to your aid.
You regenerate a little health from kills.
You have an absolutely massive brain. (Int +6, Wiz)


Message History

Your iron imp hits the wolf.
Grum is no longer more vulnerable to fire.
The wolf bites your iron imp.
The wolf bites your iron imp but does no damage.
The wolf completely misses your iron imp.
Your iron imp closely misses the wolf.
Grum lets out an intimidating howl.
The wolf bites your iron imp but does no damage.
Your iron imp hits the wolf but does no damage.
The wolf closely misses your iron imp. The wolf bites your iron imp!
Your iron imp dies!
Your iron imp disappears in a puff of smoke!
Casting: Scorch (safe; 2% risk of failure)
Press: ? - help, Q - select action, (/) - cycle Dir - look around, f - activate Flames lash Grum.
Grum is heavily wounded.
Grum's fire resistance burns away.
You don't have enough magic to cast this spell.
You don't have enough magic to cast this spell.
Unknown command.
Grum misses you. Grum barely misses you.
You hit Grum.
Grum is heavily wounded.
Grum hits you with a +0 spear.
* * * LOW HITPOINT WARNING * * *
You barely miss Grum.
Grum is heavily wounded.
You barely miss Grum.
Grum is heavily wounded.
Grum is no longer more vulnerable to fire.
Grum closely misses you.
You hit Grum.
Grum is heavily wounded.
Grum closely misses you.
You hit Grum.
You feel better.
Grum is heavily wounded.
Grum hits you with a +0 spear!
You die...

.......<.....#
##..####.###.#
#.# #.# #.#
#.# ### #.#
#.# #.# #.#
#@# #g# #h#
#h# #.# #.#
#.# ..# #.#


You could see Grum and 2 wolves.

Vanquished Creatures
  Joseph (D:7)
  Maggie (D:6)
  A troll (D:5)
  Prince Ribbit (D:7)
  Sigmund (D:3)
  The ghost of ParaBellum the Firebug, an amateur HuCA of Ignis (D:3)
  A steam dragon (D:7)
  A sky beast (D:6)
  An orc warrior (D:6)
  A black bear (D:6)
  A necrophage (D:5)
  A wolf (D:8)
  3 ogres
  A centaur (D:4)
  2 bullfrogs (D:7)
  2 scorpions
  2 gnoll sergeants
  4 howler monkeys (D:7)
  2 jellies
  2 hounds
  6 iguanas
  Natasha (twice) (D:2)
  8 adders
  13 gnolls
  2 shadow imps (D:6)
  A white imp (D:5)
  An ufetubus (D:7)
  A worm (D:2)
  2 dart slugs
  7 orcs
  9 endoplasms
  3 giant cockroaches
  6 goblins
  4 hobgoblins
  10 jackals
  4 quokkas
  7 ball pythons
  3 bats
  2 frilled lizards (D:1)
  8 kobolds
  9 rats
138 creatures vanquished.

Vanquished Creatures (collateral kills)
  A water moccasin (D:7)
  A black bear (D:5)
  A howler monkey (D:7)
  Crazy Yiuf (D:3)
  Natasha (D:2)
  2 gnolls (D:2)
  A worm (D:4)
  A jackal (D:2)
9 creatures vanquished.

Vanquished Creatures (others)
  2 fungi (D:1)
  3 plants (D:1)
5 creatures vanquished.

Grand Total: 152 creatures vanquished

Notes
Turn   | Place    | Note
-------+----------+-------------------------------------------
     0 | D:1      | testman the Demonspawn Cinder Acolyte began the quest for
                  | the Orb.
     0 | D:1      | Reached XP level 1. HP: 18/18 MP: 2/2
   303 | D:1      | Gained mutation: You have an unusually large brain. (Int
                  | +2) [demonic ancestry]
   303 | D:1      | Reached XP level 2. HP: 22/24 MP: 3/3
   503 | D:1      | Learned a level 2 spell: Scorch
   775 | D:1      | Gained mutation: A weak demonic guardian rushes to your
                  | aid. [demonic ancestry]
   775 | D:1      | Reached XP level 3. HP: 5/30 MP: 2/5
  1215 | D:1      | Found a faded altar of an unknown god.
  1892 | D:2      | Reached skill level 4 in Fighting
  2134 | D:2      | Noticed Natasha
  2142 | D:2      | Killed Natasha
  2143 | D:2      | Reached XP level 4. HP: 4/38 MP: 2/7
  2527 | D:2      | Noticed Natasha
  2530 | D:2      | Killed Natasha
  2552 | D:2      | Reached skill level 5 in Fighting
  2664 | D:2      | Gained mutation: You have an extremely huge brain. (Int +4)
                  | [demonic ancestry]
  2664 | D:2      | Reached XP level 5. HP: 27/44 MP: 0/8
  2741 | D:2      | Noticed Natasha
  2747 | D:2      | Killed Natasha
  3780 | D:3      | Reached skill level 6 in Fighting
  4052 | D:3      | Found a runed translucent door.
  4053 | D:3      | Noticed Crazy Yiuf
  4061 | D:3      | Killed Crazy Yiuf
  4063 | D:3      | HP: 2/46 [poisoned by Crazy Yiuf]
  4497 | D:3      | Found a transporter.
  4497 | D:3      | Noticed ParaBellum's ghost (amateur HuCA)
  4669 | D:3      | Noticed Sigmund
  4677 | D:3      | Killed Sigmund
  4678 | D:3      | Reached skill level 7 in Fighting
  4678 | D:3      | Gained mutation: You regenerate a little health from kills.
                  | [demonic ancestry]
  4678 | D:3      | Reached XP level 6. HP: 39/55 MP: 0/9
  4813 | D:3      | Found a transporter.
  4813 | D:3      | Identified the +6 giant club of Nosh {vorpal, Str+5 Int+3
                  | SInv}
  5577 | D:4      | Reached XP level 7. HP: 61/61 MP: 0/10
  6156 | D:4      | Found an opulent altar of Gozag.
  6194 | D:4      | Reached skill level 8 in Fighting
  6740 | D:5      | Entered Level 5 of the Dungeon
  7349 | D:5      | Noticed a troll
  7357 | D:5      | Killed a troll
  7358 | D:5      | Reached skill level 9 in Fighting
  7358 | D:5      | Gained mutation: You have a pair of small horns on your
                  | head. [demonic ancestry]
  7358 | D:5      | Reached XP level 8. HP: 61/71 MP: 0/14
  7554 | D:5      | Found a sacrificial altar of Ru.
  7772 | D:5      | Found a shadowy altar of Dithmenos.
  8118 | D:3      | Reached skill level 1 in Shields
  8126 | D:3      | Killed ParaBellum's ghost
  8325 | D:6      | Noticed Maggie
  8557 | D:6      | Killed Maggie
  8558 | D:6      | Reached skill level 5 in Spellcasting
  8560 | D:6      | Gained mutation: You have an absolutely massive brain. (Int
                  | +6, Wiz) [demonic ancestry]
  8560 | D:6      | Reached XP level 9. HP: 26/78 MP: 1/16
  8670 | D:6      | Found a staircase to the Ecumenical Temple.
  8765 | D:6      | Upgraded the game from 0.29-a0-221-gceb61267dd to
                  | 0.29-a0-222-g5b244fca1f
  8788 | D:6      | Identified the +0 ring mail "Ikhumopp" {Int+2 SInv}
  9406 | D:6      | Found an ancient bone altar of Kikubaaqudgha.
  9596 | D:7      | Reached skill level 10 in Fighting
  9747 | D:7      | Noticed Prince Ribbit
  9757 | D:7      | Killed Prince Ribbit
 10055 | D:7      | Reached skill level 5 in Short Blades
 10183 | D:7      | Found a hazy altar of Hepliaklqana.
 10229 | D:7      | Noticed Joseph
 10243 | D:7      | Killed Joseph
 10725 | D:8      | Noticed Grum
 10752 | D:8      | Slain by Grum

Illustrated notes

Levels and vault maps discovered:
D:1:      wander_arrival_lonely_grave, layout_rooms,
          shapermc_ecumenical_altar_mp_ritualfount
D:2:      layout_basic, kennysheep_generic_room_3, uniq_natasha
D:3:      layout_loops_cross, gammafunk_ghost_smash, kennysheep_cluttered_room,
          minmay_misc_feat_enclosed, uniq_crazy_yiuf_cottage, uniq_sigmund
D:4:      layout_loops_ring, lemuel_crystal_altar
D:5:      layout_basic, marbit_many_paths, general_overflow_altar
D:6:      layout_cave_pools, old_standard_altar, nicolae_overflow_hidden_temple,
          minmay_temple_entry_mini_moons, uniq_maggie
D:7:      layout_basic, old_standard_altar, uniq_prince_ribbit1, uniq_joseph
D:8:      layout_basic, nicolae_ossuary_entry_monument, serial_shops,
          kennysheep_little_box, uniq_grum

Skill      XL: |  1  2  3  4  5  6  7  8  9 |
---------------+----------------------------+-----
Fire Magic     | 3 |  3.0
Spellcasting   | 2 4 5 6 |  6.4
Fighting       | 4 5 7 9 10 | 10.6
Short Blades   | 4 5 |  5.5
Shields        | 2 4 |  4.0

Action                   |  1- 3 |  4- 6 |  7- 9 || total
-------------------------+-------+-------+-------++-------
Melee: Short sword       |   140 |    27 |       ||   167
       Dagger            |       |    11 |   105 ||   116
       Punch             |       |     1 |       ||     1
       Headbutt          |       |       |    17 ||    17
Throw: Stone             |     1 |       |       ||     1
       Boomerang         |       |       |     3 ||     3
 Cast: Scorch            |    18 |    56 |   162 ||   236
Invok: Fiery Armour      |       |     1 |     5 ||     6
Evoke: Wand              |       |       |     2 ||     2
  Use: Potion            |       |     5 |       ||     5
       Scroll            |       |       |     7 ||     7
Armor: Robe              |    29 |     4 |    23 ||    56
       Troll leather arm |       |       |    15 ||    15
       Acid dragon scale |       |       |    36 ||    36
Dodge: Dodged            |    78 |    23 |   113 ||   214
Block: Buckler           |       |       |    22 ||    22

Table legend: (Time is in decaauts)
 A = Elapsed time spent in this place.
 B = Non-inter-level travel time spent in this place.
 C = Inter-level travel time spent in this place.
 D = Time resting spent in this place.
 E = Time spent auto-exploring this place.
 F = Levels seen in this place.
 G = Mean time per level.
                   A        B        C        D        E       F      G
               +--------+--------+--------+--------+--------+-----+--------+
         Total |  10737 |  10373 |    364 |   4059 |   5056 |   8 | 1342.1 |
       Dungeon |  10737 |  10373 |    364 |   4059 |   5056 |   8 | 1342.1 |
               +--------+--------+--------+--------+--------+-----+--------+

Top non-repeatable levels by time:
     D:1: 1902 daAuts
     D:2: 1830 daAuts
     D:3: 1752 daAuts
     D:5: 1518 daAuts
     D:4: 1465 daAuts
     D:7: 1146 daAuts
     D:6: 1079 daAuts
     D:8: 41 daAuts
